 Dungeon Crawl Stone Soup version 0.17-a0-1497-g03599f7 (webtiles) character file.

863 urechis the Cleaver (level 8, -10/73 HPs)
             Began as a Hill Orc Fighter on July 6, 2015.
             Was a Follower of Makhleb.
             Mangled by an orc warrior
             ... wielding a +0 halberd
              (15 damage)
             ... on level 6 of the Dungeon.
             The game lasted 00:10:00 (5145 turns).

urechis the Cleaver (Hill Orc Fighter)              Turns: 5145, Time: 00:10:01

Health: -10/73     AC:  6    Str: 19    XL:     8   Next: 3%
Magic:  8/8        EV:  4    Int:  8    God:    Makhleb [*.....]
Gold:   190        SH:  4    Dex: 12    Spells: 0 memorised, 7 levels left

rFire  . . .     SeeInvis .     a - +0 war axe
rCold  . . .     Clarity  .     b - +0 scale mail
rNeg   . . .     SustAt   .     q - +0 buckler
rPois  .         Gourm    .     (no helmet)
rElec  .         Spirit   .     (no cloak)
rCorr  .         Warding  .     (no gloves)
rMut   .         Stasis   .     (no boots)
MR     .....                    (no amulet)
Stlth  ..........               (no ring)
                                (no ring)

@: not resistant to hostile enchantments, extremely unstealthy
A: no striking features
a: Renounce Religion


You were on level 6 of the Dungeon.
You worshipped Makhleb.
Makhleb was aware of your devotion.
You were hungry.

You visited 2 branches of the dungeon, and saw 7 of its levels.

You collected 190 gold pieces.

Inventory:

Hand weapons
 a - a +0 war axe (weapon)
Armour
 b - a +0 scale mail (worn)
 c - a +0 shield
 q - a +0 buckler (worn)
Magical devices
 t - a wand of digging (17)
Scrolls
 f - 6 scrolls of recharging
 i - a scroll of teleportation
 m - 2 scrolls of remove curse
 n - a scroll of fear {unknown}
 o - a scroll of blinking {unknown}
 r - a scroll of enchant armour {unknown}
 s - a scroll of amnesia {unknown}
 u - a scroll of identify
Potions
 d - 2 potions of might
 g - 2 potions of curing
 j - a potion of agility {unknown}
Comestibles
 e - 2 bread rations
 h - a beef jerky
 k - 2 meat rations
 l - a royal jelly
 p - 4 slices of pizza


   Skills:
 + Level 7.4 Fighting
 * Level 9.4 Axes
 - Level 3.2 Armour
 - Level 3.2 Shields


You had 7 spell levels left.
You didn't know any spells.

Dungeon Overview and Level Annotations

Branches:
Dungeon (6/15)             Temple (1/1) D:4

Altars:
Cheibriados
Dithmenos
Elyvilon
Fedhas
Gozag
Kikubaaqudgha
Makhleb
Nemelex Xobeh
Okawaru
Ru
Sif Muna
Trog
Vehumet
Xom
Zin


Message History

The orc is lightly wounded.
You are feeling hungry.
The orc hits you but does no damage. The orc warrior barely misses you.
You slash the orc!
You kill the orc!
Makhleb accepts your kill. The orc warrior closely misses you.
You see here a whip.
You hit the orc warrior.
The orc warrior is lightly wounded.
The orc warrior hits you with a halberd!
You closely miss the orc warrior.
The orc warrior is lightly wounded.
The orc warrior hits you with a halberd!!
* * * LOW HITPOINT WARNING * * *
An orc comes into view. It is wielding a hand axe.
The orc warrior barely misses you.
There is a stone staircase leading up here.
The orc warrior hits you from afar with a halberd!
You die...

#
####o#
#....#
#o####
#o#
#.#
#@#
###


You could see an orc warrior and an orc.

Vanquished Creatures
  The ghost of Eleanoora the Sneak, an average NaEn of Dithmenos (D:4)
  An ice beast (D:5)
  A scorpion (D:4)
  2 crimson imps (D:5)
  2 centaur skeletons
  A hound (D:4)
  7 worker ants
  An orc priest (D:3)
  An iguana (D:5)
  6 gnolls
  8 adders
  An adder skeleton (D:4)
  An adder zombie (D:5)
  3 worms
  3 giant geckos
  6 orcs
  9 bats
  3 giant cockroaches
  4 goblins
  9 hobgoblins
  7 kobolds
  A quokka (D:3)
  A giant gecko skeleton (D:5)
  3 giant newts
  6 rats
88 creatures vanquished.

Vanquished Creatures (others)
  5 sheep (D:4)
5 creatures vanquished.

Grand Total: 93 creatures vanquished

Notes
Turn   | Place    | Note
--------------------------------------------------------------
     0 | D:1      | urechis the Hill Orc Fighter began the quest for the Orb.
     0 | D:1      | Reached XP level 1. HP: 19/19 MP: 1/1
   433 | D:1      | Reached XP level 2. HP: 25/27 MP: 2/2
   613 | D:2      | Reached skill level 4 in Fighting
   672 | D:2      | Reached XP level 3. HP: 33/33 MP: 3/3
   845 | D:2      | Found an opulent altar of Gozag.
  1024 | D:2      | Reached XP level 4. HP: 28/41 MP: 4/4
  1175 | D:3      | Found a shadowy altar of Dithmenos.
  1186 | D:3      | Found a deep blue altar of Sif Muna.
  1217 | D:3      | Reached skill level 5 in Axes
  1245 | D:3      | Found a sparkling altar of Nemelex Xobeh.
  1370 | D:3      | Reached skill level 5 in Fighting
  1370 | D:3      | Reached XP level 5. HP: 33/48 MP: 5/5
  1901 | D:4      | Reached skill level 6 in Axes
  1921 | D:4      | Found a staircase to the Ecumenical Temple.
  1967 | Temple   | Entered the Ecumenical Temple
  2284 | Temple   | Became a worshipper of Makhleb the Destroyer
  2338 | D:4      | Reached XP level 6. HP: 25/56 MP: 6/6
  2667 | D:4      | Noticed Eleanoora's ghost (average NaEn)
  2688 | D:4      | Killed Eleanoora's ghost
  2688 | D:4      | Reached skill level 7 in Axes
  2884 | D:4      | Reached XP level 7. HP: 27/63 MP: 7/7
  3203 | D:4      | Reached skill level 8 in Axes
  3347 | D:4      | Found a shimmering altar of Xom.
  3599 | D:5      | Entered Level 5 of the Dungeon
  3711 | D:5      | Acquired Makhleb's first power
  4218 | D:5      | Reached skill level 9 in Axes
  4748 | D:5      | Reached XP level 8. HP: 32/73 MP: 8/8
  5145 | D:6      | Mangled by an orc warrior

Vault maps used:
D:1:      ncdulo_smallfort
D:2:      nicolae_gozag_cash_rules_everything_around_me
D:3:      old_standard_altar, nemelex_deck, grunt_dithmenos_smoke_and_mirrors
D:4:      minmay_temple_entry_mist, kb_xom_exploding_sheep
D:5:      first_bread
D:6:      basic_altar, serial_shops, kennysheep_mini_moat,
          nicolae_ru_sacrificial_ziggurat
Temple:   temple_eino_lava_12

Action                   |  1- 3 |  4- 6 |  7- 9 || total
-------------------------+-------+-------+-------++-------
Melee: War axe           |    82 |   145 |   142 ||   369
  Use: Scroll            |       |       |     9 ||     9
       Potion            |       |       |     1 ||     1
  Eat: Chunk             |       |     7 |     2 ||     9
       Bread ration      |       |       |     1 ||     1
